 Dungeon Crawl Stone Soup version 0.17-a0-1850-g688e747 (webtiles) character file.

488319 Medar the Earth Mage (level 24, -3/169 HPs)
             Began as an Octopode Transmuter on Sept 14, 2015.
             Was the Champion of Vehumet.
             Slain by a quicksilver dragon (14 damage)
             ... on level 5 of the Vaults on Sept 18, 2015.
             The game lasted 05:59:51 (68628 turns).

Medar the Earth Mage (Octopode Transmuter)         Turns: 68628, Time: 05:59:51

Health: -3/169     AC: 11    Str: 12    XL:     24   Next: 99%
Magic:  22/50      EV: 28    Int: 30    God:    Vehumet [******]
Gold:   3352       SH:  8    Dex: 13    Spells: 10 memorised, 0 levels left

rFire  + . .     SeeInvis +       - Unarmed
rCold  . . .     Clarity  .     n - +3 buckler
rNeg   + . .     SustAt   .     Q - +2 hat {Int+3}
rPois  .         Gourm    .     E - amulet "Urrityig" {Regen+ Int+2}
rElec  .         Spirit   .     v - ring "Paveath" {rF+ MP+9}
rCorr  .         Warding  .     F - ring of stealth
rMut   .         Stasis   .     K - +2 ring of protection
MR     ++...                    L - ring of protection from magic
Stlth  ++++++++..               J - ring of stealth
                                e - ring of positive energy
                                q - +6 ring of evasion
                                P - ring of Peqikatz {SInv Stlth+}

@: about to teleport, phasing, stone skin, drained, very resistant to hostile
enchantments, extraordinarily stealthy
A: almost no armour, amphibious, 8 rings, constrict 8, camouflage 1, breathe
flames 1, clever 1, gelatinous body 1
a: Renounce Religion, Breathe Fire
}: 2/15 runes: decaying, serpentine


You were on level 5 of the Vaults.
You worshipped Vehumet.
Vehumet was exalted by your worship.
You were not hungry.

You visited 8 branches of the dungeon, and saw 46 of its levels.
You also visited: Wizlab.

You collected 6560 gold pieces.
You spent 3208 gold pieces at shops.

Inventory:

Missiles
 A - 3 poisoned javelins (quivered)
Armour
 n - a +3 buckler (worn)
 Q - a +2 hat of intelligence (worn)
Magical staves
 b - an uncursed staff of earth {!a}
 c - an uncursed staff of energy {!a}
 t - an uncursed staff of cold
Rods
 N - a +0 lightning rod (13/13)
   (You found it on level 13 of the Dungeon)
Jewellery
 e - a ring of positive energy (on tentacle)
 q - a +6 ring of evasion (on tentacle)
 v - the ring "Paveath" (left tentacle) {rF+ MP+9}
   (You found it on level 4 of the Dungeon)

   [ring of protection from fire]

   It protects you from fire.
   It affects your magic capacity (+9).
 B - an uncursed ring of teleportation
 E - the amulet "Urrityig" (around mantle) {Regen+ Int+2}
   (You found it on level 7 of the Dungeon)

   [amulet of regeneration]

   It affects your intelligence (+2).
   It increases your rate of regeneration.
 F - a ring of stealth (right tentacle)
 I - an uncursed ring of magical power
 J - a ring of stealth (on tentacle)
 K - a +2 ring of protection (on tentacle)
 L - a ring of protection from magic (on tentacle)
 P - the ring of Peqikatz (on tentacle) {SInv Stlth+}
   (You found it on level 13 of the Dungeon)

   [ring of see invisible]

   It lets you see invisible.
   It makes you more stealthy.
 S - an uncursed ring of sustain attributes
Magical devices
 f - a wand of disintegration (15)
 w - a wand of fire (10)
 y - a wand of digging (13)
 O - a wand of teleportation (4)
 X - a wand of paralysis (7)
 Y - a wand of draining (9)
 Z - a wand of teleportation (7)
Scrolls
 h - 5 scrolls of magic mapping {@r3}
 i - 14 scrolls of remove curse {@r1}
 j - 2 scrolls of holy word
 o - a scroll of silence {!r}
 p - a scroll of fear
 u - a scroll of teleportation
 x - 10 scrolls of identify {@r2}
 T - 4 scrolls of recharging
 U - 2 scrolls of fog
Potions
 a - a potion of magic
 d - 3 potions of flight
 g - 6 potions of heal wounds
 k - 3 potions of ambrosia
 m - 4 potions of might
 r - 2 potions of agility
 s - 4 potions of cancellation
 D - 12 potions of curing {@q1}
 G - 2 potions of resistance
 M - 5 potions of haste
 V - 2 potions of brilliance
 W - a potion of invisibility
Comestibles
 C - 5 fruits {@e3}
 R - 21 bread rations {@e1}


   Skills:
 - Level 15.0(14.7) Fighting
 - Level 4.3(4.1) Dodging
 - Level 8.1(7.8) Stealth
 - Level 4.6(4.3) Shields
 - Level 19.7(19.3) Unarmed Combat
 + Level 14.0(13.7) Spellcasting
 - Level 18.8(18.4) Conjurations
 - Level 7.6(7.4) Translocations
 - Level 11.4(11.2) Transmutations
 - Level 2.2(1.9) Fire Magic
   Level 3.9(3.6) Ice Magic
 + Level 20.3(19.9) Earth Magic
   Level 1.9(1.7) Poison Magic
 - Level 2.4(2.2) Evocations


You couldn't memorise any spells.
You knew the following spells:

 Your Spells              Type           Power        Failure   Level  Hunger
b - Stone Arrow           Conj/Erth      ######       0%          3    None
n - Bolt of Magma         Conj/Fire/Erth #######...   1%          5    None
q - Stoneskin             Trmt/Erth      #######.     0%          2    None
t - Phase Shift           Tloc           ######....   3%          5    None
v - Lee's Rapid Deconstr  Erth           #######...   1%          5    None
w - Blink                 Tloc           N/A          1%          2    None
x - Iron Shot             Conj/Erth      #######...   1%          6    ####...
M - Shatter               Erth           #######...   19%         9    #######
Q - Statue Form           Trmt/Erth      #######..    1%          6    ####...
X - Lehudib's Crystal Sp  Conj/Erth      #######...   2%          8    #######


Dungeon Overview and Level Annotations

Branches:
Dungeon (15/15)            Temple (1/1) D:6            Lair (8/8) D:8
  Swamp (4/4) Lair:3        Snake (4/4) Lair:6        Slime (0/6) Lair:7
    Orc (4/4) D:10            Elf (0/3) Orc:4        Vaults (5/5) D:13
  Crypt (0/3) Vaults:3     Depths (5/5) D:15            Zot (0/5) Depths:5

Altars:
Ashenzari
Cheibriados
Dithmenos
Elyvilon
Fedhas
Gozag
Kikubaaqudgha
Makhleb
Nemelex Xobeh
Okawaru
Qazlal
Ru
Sif Muna
Trog
Vehumet
Xom
Yredelemnul
Zin
The Shining One
Beogh
Jiyva

Shops:
D:14 (   Orc:3 (   Orc:4 }*([:   Snake:4 [   Vaults:1 ?   Depths:3 %

Portals:
Hell: Depths:1 Depths:2 Depths:3 Depths:4 Depths:5
Abyss: Depths:4
Pandemonium: Depths:3 Depths:4 Depths:5
Ziggurat: Depths:2

Annotations:
Lair:7 1 runed door


Innate Abilities, Weirdness & Mutations

You cannot wear most types of armour.
You are amphibious.
You can wear up to eight rings at the same time.
You can use your tentacles to constrict eight enemies at once.
Your skin changes colour to match your surroundings (Stealth).
Your rubbery body absorbs attacks (AC +1).
You can breathe flames.
Your mind is acute. (Int +2)


Message History

Confirm with . or Enter, or press ? or * to list all spells.
Your skin hardens.
The ufetubus disappears in a puff of smoke!
The tentacled monstrosity barely misses you.
The tentacled monstrosity misses you.
The tentacled monstrosity tentacle-slaps you.
* * * LOW HITPOINT WARNING * * *
The tentacled monstrosity misses you.
Press: ? - help, v - describe, . - travel
Here: a quicksilver dragon (lightly wounded, catching its breath)
The floor.
Unknown command.
Unknown command.
Casting: Stoneskin
Confirm with . or Enter, or press ? or * to list all spells.
You feel the strange sensation of being on two planes at once.
The quicksilver dragon bites you!!
* * * LOW HITPOINT WARNING * * *
The quicksilver dragon misses you. The quicksilver dragon bites you!
You die...

#....# #....#
#....# #....#
#....# ##. #....#
'##+ ....#....#
....
##D.#.@?.#....+
......DXD.#.)..#!
....?[.HcOe.÷...)
###..÷.OpC4.4D..#
......CCCO...(.
......[pO[O.(.#
##.#..[)D)[..##..
....[.C4.§[.....
..[.[<..<[).....


You could see a shadow dragon, a tentacled monstrosity, an iron dragon, 2
titans, a fire giant, 2 quicksilver dragons, a sphinx, a stone giant, a vault
warden, a yaktaur captain, an ettin, a deep elf sorcerer, an ogre mage
(invisible), 2 orange demons, a vault sentinel, a hellwing, a two-headed ogre
and 3 ogres.

Vanquished Creatures
  An ancient lich (WizLab)
  A juggernaut (Depths:5)
  Margery (Vaults:3)
  Norris (Depths:3)
  Saint Roka (Depths:5)
  2 golden dragons
  A bone dragon (Depths:5)
  The ghost of furman the Devastator, a mighty GrWz of Sif Muna (Vaults:4)
  Jorgrun (Snake:4)
  A tentacled monstrosity (Vaults:5)
  3 liches
  A quicksilver dragon (Vaults:5)
  2 titans (Vaults:5)
  An ancient champion (WizLab)
  4 thorn hunters
  6 sphinxes
  The ghost of Uberwunderbarhen the Spry, a mighty OpFi of Cheibriados (Swamp:4)
  4 tengu reavers
  3 shadow dragons
  4 storm dragons
  11 greater nagas
  7 fire giants
  Donald (Swamp:2)
  2 deep elf sorcerers
  6 iron dragons
  An orc warlord (Orc:4)
  2 draconian knights (Depths:5)
  10 frost giants
  Aizul (Vaults:1)
  Louise (Snake:4)
  A balrug (Depths:3)
  13 vault wardens
  A war gargoyle (Vaults:3)
  12 very ugly things
  11 stone giants
  10 ironheart preservers
  2 deep elf demonologists
  2 vampire knights
  A white draconian (Depths:5)
  3 salamander stormcallers
  A black draconian (Depths:5)
  A deep elf annihilator (Vaults:4)
  A green draconian (Depths:5)
  A purple draconian (Depths:5)
  14 fire dragons
  11 ettins
  26 vault guards
  A deep elf death mage (Vaults:5)
  12 great orbs of eyes
  A deep elf high priest (Depths:5)
  11 ice dragons
  15 yaktaur captains
  Harold (Orc:1)
  A ghost crab (Swamp:2)
  5 entropy weavers
  27 naga warriors
  26 hydras
  3 rakshasas
  13 ogre magi
  2 monstrous demonspawn (Depths:5)
  Erica (Lair:2)
  6 catoblepae
  10 anacondas
  4 spriggan air magi
  5 centaur warriors
  A ghost crab (shapeshifter) (Vaults:4)
  3 dancing weapons
  An alligator (shapeshifter) (Vaults:1)
  4 alligators
  8 deep troll shamans
  A death yak (shapeshifter) (Vaults:5)
  8 death yaks
  4 tengu warriors
  6 deep troll earth magi
  4 small abominations (Vaults:5)
  4 deep elf knights
  Urug (Orc:1)
  3 orc high priests (Orc:4)
  3 vampire magi
  22 naga sharpshooters
  Nergalle (Depths:2)
  A shadow wraith (Vaults:4)
  2 spriggan berserkers (Depths:5)
  4 iron golems
  2 sun demons (Depths:3)
  5 shock serpents
  22 hell knights
  A golden dragon zombie (Depths:2)
  3 unseen horrors
  5 iron trolls
  2 sea snakes (Snake:3)
  4 giant orange brains
  9 skeletal warriors (WizLab)
  A large abomination (Vaults:5)
  4 wizards
  An unseen horror (shapeshifter) (Depths:1)
  9 orc knights
  10 swamp dragons
  4 spriggan druids
  A gelid demonspawn (Depths:5)
  19 ironbrand convokers
  A flayed ghost (Depths:2)
  12 hill giants
  9 naga ritualists
  6 necromancers
  24 deep trolls
  A shambling mangrove (Swamp:3)
  3 deep elf conjurers
  14 mana vipers
  4 phantasmal warriors
  4 wolf spiders
  3 orc sorcerers
  A salamander (shapeshifter) (Vaults:3)
  A moth of wrath (shapeshifter) (Vaults:1)
  A tengu skeleton (Depths:2)
  56 ugly things
  18 harpies
  7 cyclopes
  3 hornets
  A sphinx skeleton (Vaults:4)
  A water nymph (shapeshifter) (Depths:4)
  2 manticores
  A faun (shapeshifter) (Depths:3)
  4 salamanders
  46 black mambas
  4 rust devils (Depths:1)
  10 griffons
  7 guardian serpents
  9 elephants
  2 centaur zombies (D:15)
  5 orange demons (D:13)
  10 vault sentinels
  Joseph (D:10)
  16 naga magi
  17 spiny frogs
  2 spiny frogs (shapeshifter)
  8 gargoyles
  An elf zombie (Depths:2)
  6 fire drakes
  8 komodo dragons
  3 kobold demonologists
  A fire drake (shapeshifter) (Depths:3)
  3 deep elf priests
  A yaktaur skeleton (Vaults:4)
  2 tengu conjurers
  47 yaktaurs
  A tormentor (Depths:5)
  A two-headed ogre (shapeshifter) (Depths:1)
  5 freezing wraiths
  A polar bear (Lair:6)
  3 red devils
  3 giant leeches
  A giant leech (shapeshifter) (Vaults:5)
  7 trolls
  A troll (shapeshifter) (Depths:4)
  A wolf spider simulacrum (D:15)
  A harpy skeleton (D:15)
  11 bog bodies
  19 two-headed ogres
  2 trapdoor spider zombies
  9 boulder beetles
  A fire giant simulacrum (Vaults:4)
  31 slime creatures
  7 blink frogs
  6 deep elf magi
  20 flying skulls (Depths:4)
  13 air elementals
  3 shadows
  10 deep elf fighters
  9 redbacks
  16 spriggans
  3 wraiths
  4 vampires (WizLab)
  3 hill giant zombies (WizLab)
  10 wyverns
  A water elemental (Depths:3)
  A tarantella (Depths:3)
  15 basilisks
  61 yaks
  15 hippogriffs
  4 hungry ghosts
  43 vampire mosquitoes
  23 wolves
  8 wargs
  60 nagas
  A steam dragon (D:9)
  7 insubstantial wisps
  16 swamp worms
  4 mottled dragons
  A soldier ant (shapeshifter) (Depths:3)
  2 soldier ants
  45 orc warriors
  3 sky beasts
  33 water moccasins
  15 wasps
  19 swamp drakes
  8 porcupines
  2 eyes of draining
  5 phantoms
  6 ice beasts
  A black bear (Lair:6)
  55 ogres
  4 necrophages
  22 centaurs
  21 crocodiles
  10 big kobolds
  2 earth elementals (Depths:2)
  2 brain worms
  3 wyvern skeletons
  A water moccasin zombie (D:11)
  25 giant frogs
  13 wights
  3 scorpions
  8 troll zombies (WizLab)
  26 killer bees
  12 crimson imps
  6 jellies
  A lava snake (D:11)
  3 giant frog zombies
  An iguana (shapeshifter) (Depths:2)
  32 orc priests
  A jelly (shapeshifter) (Depths:4)
  Crazy Yiuf (D:2)
  14 iguanas
  7 hounds
  27 orc wizards
  An iron imp (Depths:2)
  4 centaur skeletons
  6 giant frog skeletons
  14 worker ants
  Terence (D:2)
  5 ogre zombies (WizLab)
  25 sheep
  A hound zombie (D:7)
  A worker ant zombie (D:10)
  16 adders
  7 gnolls
  85 river rats
  5 shadow imps
  A hound simulacrum (D:10)
  2 adder zombies (D:5)
  2 adder skeletons
  4 worms
  4 giant geckos
  225 orcs
  8 giant cockroaches
  8 goblins
  5 hobgoblins
  14 jackals
  39 kobolds
  11 quokkas
  3 ball pythons
  7 bats
  A giant cockroach zombie (D:6)
  6 giant newts
  A jackal zombie (D:5)
  A quokka skeleton (D:6)
  A quokka zombie (D:5)
  7 rats
  A bush (Lair:5)
  4 crawling corpses (Vaults:5)
  2 fungi
  A plant (Lair:5)
2336 creatures vanquished.

Vanquished Creatures (collateral kills)
  A spiny frog (Lair:3)
  A troll (Orc:1)
  3 necrophages (Lair:4)
  A crocodile (Lair:2)
  A wyvern skeleton (D:8)
  A wight (D:10)
  2 killer bees (D:7)
  A hound (D:6)
  A hound skeleton (D:7)
  2 adders (D:2)
  4 river rats (Lair:2)
  2 orcs (Orc:1)
  2 jackals (D:7)
  A fungus (Lair:1)
23 creatures vanquished.

Vanquished Creatures (others)
  Boris (Depths:2)
  A deep elf sorcerer (Depths:2)
  An ogre mage (Vaults:2)
  A deep troll (shapeshifter) (Vaults:5)
  An ironbrand convoker (Vaults:2)
  An ugly thing (Vaults:2)
  2 yaktaurs
  A two-headed ogre (Vaults:2)
  An air elemental (Depths:2)
  A shadow (D:15)
  An insubstantial wisp (Swamp:3)
  A wasp (Swamp:2)
  An ogre (Vaults:5)
  An orc (D:5)
  A fire vortex (Orc:4)
  16 fungi
  27 plants
59 creatures vanquished.

Grand Total: 2418 creatures vanquished

Notes
Turn   | Place    | Note
--------------------------------------------------------------
     0 | D:1      | Medar the Octopode Transmuter began the quest for the Orb.
     0 | D:1      | Reached XP level 1. HP: 13/13 MP: 3/3
   552 | D:1      | Reached XP level 2. HP: 18/18 MP: 3/5
   658 | D:1      | Learned a level 2 spell: Sticks to Snakes
  1104 | D:2      | Noticed Terence
  1244 | D:1      | Reached skill level 4 in Unarmed Combat
  1244 | D:1      | Reached XP level 3. HP: 23/23 MP: 2/6
  1545 | D:2      | Learned a level 3 spell: Spider Form
  2212 | D:2      | Reached XP level 4. HP: 28/28 MP: 0/7
  2229 | D:2      | Reached skill level 1 in Poison Magic
  2230 | D:2      | HP: 1/28 [gnoll/club (1)]
  2968 | D:2      | Killed Terence
  2968 | D:2      | Reached XP level 5. HP: 25/33 MP: 3/8
  4195 | D:4      | Reached skill level 5 in Unarmed Combat
  4210 | D:4      | Got a brightly glowing silver ring
  4212 | D:4      | Identified the ring "Paveath" {rF+ MP+9} (You found it on level 4 of the Dungeon)
  4601 | D:4      | Noticed a phantom
  4662 | D:4      | Reached XP level 6. HP: 38/38 MP: 9/9
  5020 | D:5      | Entered Level 5 of the Dungeon
  5091 | D:5      | Found a shadowy altar of Dithmenos.
  5161 | D:5      | Reached skill level 6 in Unarmed Combat
  5673 | D:5      | Reached XP level 7. HP: 37/45 MP: 10/10
  5794 | D:5      | Found a glowing golden altar of the Shining One.
  6171 | D:5      | Learned a level 4 spell: Ice Form
  6590 | D:5      | Reached skill level 1 in Ice Magic
  7346 | D:6      | Reached XP level 8. HP: 40/52 MP: 11/11
  7350 | D:6      | Reached skill level 5 in Transmutations
  7625 | D:6      | Found a staircase to the Ecumenical Temple.
  7676 | Temple   | Entered the Ecumenical Temple
  7867 | Temple   | Became a worshipper of Vehumet
  9187 | D:7      | Reached skill level 7 in Transmutations
  9264 | D:6      | Reached XP level 9. HP: 18/57 MP: 4/13
  9951 | D:8      | Reached skill level 8 in Unarmed Combat
 10148 | D:8      | Acquired Vehumet's first power
 10148 | D:8      | Offered knowledge of Freeze by Vehumet.
 10152 | D:8      | Learned a level 1 spell: Freeze
 10370 | D:8      | Found a staircase to the Lair.
 10371 | D:8      | Noticed a komodo dragon
 10963 | D:7      | Reached skill level 9 in Unarmed Combat
 11245 | D:7      | Got a sparkling steel amulet
 11247 | D:7      | Identified the amulet "Urrityig" {Regen+ Int+2} (You found it on level 7 of the Dungeon)
 11269 | D:7      | Noticed a troll
 11634 | D:8      | Reached XP level 10. HP: 63/65 MP: 14/14
 11818 | D:8      | Reached skill level 5 in Fighting
 11860 | D:8      | Killed a komodo dragon
 12107 | Lair:1   | Entered Level 1 of the Lair of Beasts
 12209 | Lair:1   | Got a dazzling scythe
 12385 | Lair:1   | Offered knowledge of Flame Tongue by Vehumet.
 12507 | Lair:1   | Noticed a black mamba
 12559 | Lair:1   | Identified a cursed +0 rod of ignition (14/14) (You found it on level 1 of the Lair of Beasts)
 13149 | Lair:2   | Reached skill level 1 in Evocations
 13270 | Lair:2   | Noticed a seven-headed hydra
 13881 | Lair:2   | Noticed Erica
 13909 | Lair:2   | Killed Erica
 13909 | Lair:2   | Reached skill level 5 in Stealth
 13909 | Lair:2   | Reached skill level 10 in Unarmed Combat
 13909 | Lair:2   | Offered knowledge of Inner Flame by Vehumet.
 13960 | Lair:2   | Learned a level 5 spell: Blade Hands
 14161 | Lair:2   | Reached XP level 11. HP: 67/72 MP: 17/17
 14254 | Lair:2   | Acquired Vehumet's second power
 14502 | Lair:3   | Noticed a catoblepas
 14516 | Lair:3   | Noticed a four-headed hydra
 14677 | Lair:3   | Got an ancient war axe
 14678 | Lair:3   | Identified the +3 war axe of Watchfulness {venom, MR+} (You found it on level 3 of the Lair of Beasts)
 14718 | Lair:3   | Found a staircase to the Swamp.
 14770 | Lair:3   | Killed a four-headed hydra
 14949 | Lair:3   | Reached skill level 5 in Spellcasting
 15288 | Lair:3   | Offered knowledge of Sticky Flame by Vehumet.
 15369 | Lair:3   | Learned a level 4 spell: Sticky Flame
 15657 | Lair:4   | Noticed a six-headed hydra
 15700 | Lair:4   | Reached skill level 1 in Fire Magic
 15705 | Lair:4   | Reached skill level 1 in Conjurations
 15979 | Lair:4   | Noticed a four-headed hydra
 16639 | Lair:1   | Killed a black mamba
 16924 | D:7      | Acquired Vehumet's third power
 17120 | D:7      | Killed a troll
 17120 | D:7      | Reached skill level 5 in Conjurations
 17388 | D:4      | Killed a phantom
 17388 | D:4      | Offered knowledge of Irradiate by Vehumet.
 17529 | D:2      | Noticed Crazy Yiuf
 17535 | D:2      | Killed Crazy Yiuf
 18029 | D:9      | Reached XP level 12. HP: 80/80 MP: 22/22
 18036 | D:9      | Learned a level 5 spell: Irradiate
 18307 | D:9      | Found a basalt altar of Yredelemnul.
 18829 | D:10     | Entered Level 10 of the Dungeon
 18870 | D:10     | Upgraded the game from 0.17-a0-1831-gaadb308 to 0.17-a0-1838-g891d947
 18898 | D:10     | Found a staircase to the Orcish Mines.
 19097 | D:10     | Found an iron altar of Okawaru.
 19276 | D:10     | Noticed Joseph
 20515 | D:10     | Gained mutation: You are dopey. (Int -2) [mutagenic meat]
 20516 | D:10     | Lost mutation: You are dopey. (Int -2) [potion of cure mutation]
 20517 | D:10     | Gained mutation: Your spells are a little easier to cast, but a little less powerful. [mutagenic meat]
 20518 | D:10     | Lost mutation: Your spells are a little easier to cast, but a little less powerful. [potion of cure mutation]
 20519 | D:10     | Gained mutation: Your mind is acute. (Int +2) [mutagenic meat]
 20757 | Orc:1    | Entered Level 1 of the Orcish Mines
 20876 | Orc:1    | Offered knowledge of Airstrike by Vehumet.
 20989 | Orc:2    | Paralysed by an orc sorcerer for 4 turns
 21298 | Orc:2    | Found a roughly hewn altar of Beogh.
 21584 | Orc:2    | Learned a level 2 spell: Stoneskin
 21952 | Lair:4   | Killed a four-headed hydra
 22136 | Lair:4   | Reached skill level 1 in Earth Magic
 22585 | Lair:4   | Killed a six-headed hydra
 22592 | Lair:4   | Noticed a catoblepas
 22744 | Lair:4   | Killed a catoblepas
 22744 | Lair:4   | Reached skill level 5 in Earth Magic
 22744 | Lair:4   | Reached XP level 13. HP: 64/84 MP: 25/25
 23674 | Lair:5   | Offered knowledge of Iskenderun's Battlesphere by Vehumet.
 25925 | D:8      | Learned a level 6 spell: Statue Form
 26103 | Orc:1    | Found a burning altar of Makhleb.
 26108 | Orc:1    | Noticed Urug
 26506 | Orc:1    | Noticed Harold
 26523 | Orc:1    | Killed Harold
 27733 | Lair:6   | Reached skill level 10 in Transmutations
 27868 | Lair:6   | Reached XP level 14. HP: 73/90 MP: 27/27
 27876 | Lair:6   | Offered knowledge of Venom Bolt by Vehumet.
 28169 | Lair:6   | Reached skill level 10 in Earth Magic
 28398 | Lair:6   | Found a staircase to the Snake Pit.
 29356 | Lair:7   | Reached skill level 10 in Spellcasting
 29360 | Lair:7   | Offered knowledge of Ozocubu's Refrigeration by Vehumet.
 29427 | Lair:7   | Found a runed door.
 29428 | Lair:7   | Found a viscous altar of Jiyva.
 29431 | Lair:7   | Noticed an acid blob
 29460 | Lair:7   | Reached skill level 1 in Shields
 29869 | Lair:7   | Reached skill level 11 in Earth Magic
 29985 | Lair:7   | Found a staircase to the Slime Pits.
 30134 | Lair:8   | Entered Level 8 of the Lair of Beasts
 30555 | Lair:3   | Killed a catoblepas
 30620 | D:8      | Learned a level 6 spell: Iron Shot
 31199 | Orc:3    | Offered knowledge of Freezing Cloud by Vehumet.
 31452 | Orc:3    | Found Weurgh's Antique Weapon Shoppe.
 31832 | Orc:4    | Entered Level 4 of the Orcish Mines
 31836 | Orc:4    | Found a staircase to the Elven Halls.
 31951 | Orc:4    | Reached XP level 15. HP: 91/95 MP: 29/29
 31982 | Orc:4    | Reached skill level 12 in Earth Magic
 32091 | Orc:4    | Found Erchathru's Antique Weapon Boutique.
 32139 | Orc:4    | Noticed an orc warlord
 32141 | Orc:4    | Found Isehis's Antique Armour Boutique.
 32158 | Orc:4    | Offered knowledge of Delayed Fireball by Vehumet.
 32293 | Orc:4    | Found Goupsiaf's Book Shop.
 32502 | Orc:4    | Found Lyrchaf's Gadget Emporium.
 32613 | Orc:4    | Found Somneuc's General Store.
 32673 | Orc:4    | Found a roughly hewn altar of Beogh.
 32684 | Orc:4    | Killed an orc warlord
 33021 | Orc:4    | Bought a book of Spatial Translocations for 1105 gold pieces
 33024 | Orc:4    | Learned a level 2 spell: Blink
 33184 | D:8      | Gained mutation: You can breathe flames. [potion of beneficial mutation]
 33185 | D:8      | Upgraded the game from 0.17-a0-1838-g891d947 to 0.17-a0-1840-g87820a2
 33280 | Lair:5   | Reached skill level 1 in Translocations
 33487 | Lair:8   | Found a glowing silver altar of Zin.
 34235 | Lair:8   | Got a pitted hunting sling
 34238 | Lair:8   | Identified the +3 hunting sling of Losti {venom, rN+ MP+9 Str+4 Stlth-} (You found it on level 8 of the Lair of Beasts)
 34630 | Orc:4    | Bought a book of Dreams for 1275 gold pieces
 34742 | Orc:1    | Killed Urug
 34958 | D:8      | Learned a level 5 spell: Phase Shift
 35061 | D:10     | Killed Joseph
 35200 | D:11     | Noticed a tengu reaver
 35228 | D:11     | Killed a tengu reaver
 35228 | D:11     | Reached skill level 5 in Translocations
 35382 | D:11     | Offered knowledge of Bolt of Fire by Vehumet.
 37210 | D:13     | Reached XP level 16. HP: 95/101 MP: 31/31
 37235 | D:13     | Found a gate to the Vaults.
 37413 | D:13     | Got a translucent brass ring
 37414 | D:13     | Identified the ring of Peqikatz {SInv Stlth+} (You found it on level 13 of the Dungeon)
 38277 | D:14     | Found Osannyes's Antique Weapon Emporium.
 38352 | D:14     | Offered knowledge of Lehudib's Crystal Spear by Vehumet.
 38352 | D:14     | Offered knowledge of Fire Storm by Vehumet.
 38352 | D:14     | Offered knowledge of Chain Lightning by Vehumet.
 38638 | D:14     | Reached skill level 13 in Spellcasting
 38937 | D:15     | Entered Level 15 of the Dungeon
 39393 | D:15     | Found a shimmering altar of Xom.
 39394 | D:15     | Found a shimmering altar of Xom.
 39395 | D:15     | Found a shimmering altar of Xom.
 39395 | D:15     | Found a shimmering altar of Xom.
 39395 | D:15     | Found a shimmering altar of Xom.
 39401 | D:15     | Found a shimmering altar of Xom.
 40063 | D:15     | Found a staircase to the Depths.
 40181 | D:15     | Upgraded the game from 0.17-a0-1840-g87820a2 to 0.17-a0-1842-gacc33f2
 40573 | Swamp:1  | Entered Level 1 of the Swamp
 40836 | D:8      | Learned a level 3 spell: Stone Arrow
 41063 | Swamp:1  | Noticed a thorn hunter
 41205 | Swamp:1  | Noticed a thorn hunter
 41220 | Swamp:1  | Killed a thorn hunter
 41322 | Swamp:1  | Killed a thorn hunter
 41423 | Swamp:1  | Noticed a thorn hunter
 41431 | Swamp:1  | Killed a thorn hunter
 41610 | Swamp:1  | Reached XP level 17. HP: 109/109 MP: 28/34
 42272 | Swamp:2  | Noticed Donald
 42393 | Swamp:2  | Killed Donald
 42852 | Swamp:3  | Reached skill level 14 in Spellcasting
 43580 | Swamp:4  | Entered Level 4 of the Swamp
 43581 | Swamp:4  | Noticed Uberwunderbarhen's ghost (mighty OpFi)
 44414 | Swamp:4  | Killed Uberwunderbarhen's ghost
 44585 | Swamp:4  | Identified a +1 rod of destruction (10/10) (You found it on level 4 of the Swamp)
 44909 | Swamp:4  | Got a decaying rune of Zot
 45144 | Snake:1  | Entered Level 1 of the Snake Pit
 45917 | Snake:1  | Reached XP level 18. HP: 117/119 MP: 35/36
 46609 | Snake:2  | Reached skill level 10 in Conjurations
 47735 | Snake:3  | Upgraded the game from 0.17-a0-1842-gacc33f2 to 0.17-a0-1850-g688e747
 48659 | D:8      | Learned a level 5 spell: Lee's Rapid Deconstruction
 49091 | Snake:4  | Entered Level 4 of the Snake Pit
 49145 | Snake:4  | Noticed Louise
 49159 | Snake:4  | Killed Louise
 49173 | Snake:4  | Found Cuuxtu's Armour Shoppe.
 49682 | Snake:4  | Noticed Jorgrun
 49702 | Snake:4  | Killed Jorgrun
 50417 | Snake:4  | Reached XP level 19. HP: 124/124 MP: 37/37
 50677 | Snake:4  | Reached skill level 15 in Earth Magic
 51911 | Snake:4  | Reached skill level 16 in Earth Magic
 51964 | Snake:4  | Got a serpentine rune of Zot
 52276 | D:8      | Learned a level 5 spell: Bolt of Magma
 52494 | Vaults:1 | Entered Level 1 of the Vaults
 53312 | Vaults:1 | Reached XP level 20. HP: 130/130 MP: 38/38
 53334 | Vaults:1 | Noticed Aizul
 53347 | Vaults:1 | Killed Aizul
 53689 | Vaults:1 | Found Existont's Magic Scroll Shoppe.
 53709 | Vaults:1 | Bought a scroll of teleportation for 36 gold pieces
 53709 | Vaults:1 | Bought a scroll of teleportation for 36 gold pieces
 53709 | Vaults:1 | Bought a scroll of amnesia for 42 gold pieces
 53709 | Vaults:1 | Bought a scroll of enchant armour for 90 gold pieces
 53710 | Vaults:1 | Bought a scroll of acquirement for 624 gold pieces
 54353 | Vaults:2 | Reached skill level 15 in Conjurations
 54353 | Vaults:2 | Reached skill level 17 in Earth Magic
 54607 | Vaults:2 | Learned a level 8 spell: Lehudib's Crystal Spear
 56387 | Vaults:3 | Reached skill level 18 in Earth Magic
 56402 | Vaults:3 | Noticed Margery
 56409 | Vaults:3 | Killed Margery
 56580 | Vaults:3 | Reached XP level 21. HP: 136/136 MP: 32/39
 56694 | Vaults:3 | Reached skill level 10 in Fighting
 57054 | Vaults:3 | Found a staircase to the Crypt.
 57385 | Vaults:3 | Reached skill level 15 in Unarmed Combat
 58558 | Vaults:4 | Noticed furman's ghost (mighty GrWz)
 58610 | Vaults:4 | Killed furman's ghost
 59590 | Depths:1 | Entered Level 1 of the Depths
 59797 | Depths:1 | Found a gateway to Hell.
 59906 | Depths:1 | Reached XP level 22. HP: 151/151 MP: 25/40
 60617 | Depths:1 | Identified the Grimoire of the Sinister Snowflakes
 60961 | Depths:2 | Found a gateway to a ziggurat.
 60982 | Depths:2 | Found a magical portal.
 61029 | WizLab   | Entered Zonguldrok's Shrine
 61421 | WizLab   | Noticed an antique lich
 61423 | WizLab   | Killed an antique lich
 62299 | Depths:2 | Noticed Nergalle
 62305 | Depths:2 | Killed Nergalle
 62586 | Depths:2 | Noticed Boris
 62595 | Depths:2 | Killed Boris
 63069 | Depths:3 | Noticed Norris
 63091 | Depths:3 | Found a one-way gate leading to the halls of Pandemonium.
 63240 | Depths:3 | Killed Norris
 63248 | Depths:3 | Got a faintly humming buckler
 63250 | Depths:3 | Identified the +2 buckler "Tekkawun" {rPois} (You took it off Norris on level 3 of the Depths)
 63274 | Depths:3 | Reached XP level 23. HP: 161/161 MP: 35/41
 63458 | Depths:3 | You fall through a shaft for 2 floors!
 63458 | Depths:5 | Entered Level 5 of the Depths
 63870 | Depths:3 | Found Minolam's Food Shoppe.
 63906 | Depths:3 | Found a shimmering altar of Xom.
 64194 | Depths:3 | Got an ancient golden amulet
 64199 | Depths:3 | Identified the amulet of Pragmatism {Inacc rElec MP+9 Str-4} (You found it on level 3 of the Depths)
 64321 | Depths:3 | Reached skill level 15 in Fighting
 64703 | Depths:4 | Paralysed by a sphinx for 5 turns
 65270 | Depths:4 | Found a one-way gate to the infinite horrors of the Abyss.
 65480 | Depths:5 | Reached skill level 19 in Earth Magic
 66062 | Depths:5 | Noticed a juggernaut
 66071 | Depths:5 | Killed a juggernaut
 66592 | Depths:5 | Noticed Saint Roka
 66604 | Depths:5 | Killed Saint Roka
 66766 | Depths:5 | Reached XP level 24. HP: 169/169 MP: 21/41
 67374 | Depths:5 | Found a gate to the Realm of Zot.
 67854 | D:8      | Learned a level 9 spell: Shatter
 68222 | Vaults:5 | Entered Level 5 of the Vaults
 68321 | Vaults:5 | Reached skill level 20 in Earth Magic
 68628 | Vaults:5 | Slain by a quicksilver dragon

Vault maps used:
D:1:      onia_arrival_mini_spirals, serial_bayou_pond_a, minivault_4
D:2:      uniq_terence, uniq_crazy_yiuf_cottage
D:3:      kennysheep_generic_room_11
D:4:      first_bread
D:5:      kennysheep_little_box, serial_bayou_ford_a, grunt_dithmenos_shadows
D:6:      lemuel_ice_spiral_2, temple_pool_b
D:8:      david_lair_shrubbed
D:9:      basic_altar, the_bakery
D:10:     hangedman_cross_cluster, orc_0_dummy, uniq_joseph
D:11:     cheibrodos_stairvault_heist, kennysheep_island_fort
D:13:     david_vaults_2, minmay_beelzebubs_servants
D:14:     serial_shops, shop, hex_tiny, corexii_corridor_pit
D:15:     grunt_enter_depths_hoard, hangedman_abyss_or_decor_clamps,
          roderic_roman_lattice, xom_shifter_show
Temple:   kilobyte_greek_temple_18
Lair:2:   serial_bayou, serial_bayou_crossing, serial_bayou_pond_a,
          serial_bayou_pond_e, serial_bayou_pond_d, serial_bayou_shore_b,
          uniq_erica
Lair:3:   swamp_mist, st_stairs_7, bh_autumn_forest_stairs, grunt_megastairs_4
Lair:4:   roderic_carrion_pond, lemuel_fruit_fields, grunt_megastairs_2
Lair:5:   special_room, serial_bayou_shore_a
Lair:6:   minmay_snake_entry_six_corridors, st_stairs_11,
          grunt_forest_stairs_clearing
Lair:7:   slime_altar_2
Lair:8:   evilmike_catoblepas_cave, basic_altar
Swamp:1:  infiniplex_staircase_pool_2
Swamp:2:  evilmike_swamp_ruin_house_3, swamp_pool3, uniq_donald
Swamp:3:  nicolae_swamp_feature_on_the_river_bank, swamp_pool1
Swamp:4:  swamp
Snake:2:  special_room
Snake:3:  nicolae_snake_springs, lemuel_fruit_tree
Snake:4:  grunt_snake_rune_spirals, serial_shops, shop_coins, uniq_louise,
          uniq_jorgrun
Orc:1:    basic_altar, nicolae_orc_tapped_out, uniq_harold, uniq_urug
Orc:2:    basic_altar, library_closet
Orc:3:    serial_shops, shop, nicolae_orc_pool_cavern
Orc:4:    grunt_orc_gardens, grunt_orc_garden, grunt_orc_garden,
          grunt_orc_garden, grunt_orc_garden, serial_shops, shop,
          nicolae_orc_lava_tube, mines1_david
Vaults:1: vaults_standard_mumra_lines, nicolae_vaults_triangles, v_misc_18,
          vaults_mumra_minichess, kb_rosetta, dpeg_vaults_monster_box,
          grunt_vaults_diagonal, nicolae_vaults_border_crossing, serial_shops,
          shop, uniq_aizul
Vaults:2: v_misc_30, st_cells, ontoclasm_vaults_loading_screen, v_pattern_4,
          vaults_room_stairs_pillars, dpeg_vaults_monster_row, serial_glass
Vaults:3: minmay_crypt_entry_simple_sparse, hangedman_vaults_cutoff,
          nicolae_vaults_octagons, v_alt_pattern_4,
          nicolae_vaults_diagonal_hallway_8, nicolae_vaults_shelves_hall,
          hangedman_vaults_locks, v_alt_pattern_3, vaults_mumra_chevron,
          nicolae_vaults_what_the_h, ontoclasm_vaults_shuriken,
          vaults_mumra_minichess_inversion, vaults_dpeg_hooks, v_alt_pattern_5,
          uniq_margery
Vaults:4: vaults_room_corners, v_misc_10, v_misc_5, nicolae_vaults_asterisk,
          nicolae_vaults_disjoint_gnomons, nicolae_vaults_yaktaur_gun_rack,
          nicolae_vaults_twisting_passages, nicolae_vaults_little_ls,
          vaults_room_stairs_pillars, vaults_dpeg_encased_lava,
          ontoclasm_vaults_gateway
Vaults:5: serial_shops
Depths:1: hell_entry, dk_noncrumbling_3, minmay_metal_thing, grunt_megastairs_3,
          firewood_loft
Depths:2: constructs_gauntlet_mu_hangedman, enter_ziggurat_a,
          grunt_hell_entry_dis_grunt, mu_enter_wizlab_2,
          kennysheep_generic_room_3
Depths:3: due_chaos_kobolds, lightli_too_deep, serial_shops,
          kennysheep_mini_moat, pan_entry, infiniplex_staircase_zigzag_4,
          uniq_norris
Depths:4: lightli_tower_of_babel, abyss_entry, hangedman_decor_diamond_cutter,
          pan_entry, pf_hell_entry_tar_spiral, infiniplex_staircase_diamond
Depths:5: evilmike_zot_entry_round, rand_demon_pan_entry_3, hell_entry,
          serial_corexii_hall, corexii_hall_statues_i, corexii_hall_statues_x,
          corexii_hall_statues_s, corexii_hall_statues_s, serial_bayou_shore_b,
          uniq_saint_roka
WizLab:   wizlab_zonguldrok

Action                   |  1- 3 |  4- 6 |  7- 9 | 10-12 | 13-15 | 16-18 | 19-21 | 22-24 || total
-------------------------+-------+-------+-------+-------+-------+-------+-------+-------++-------
Melee: Unarmed           |    76 |   152 |   302 |   659 |  1322 |  1326 |  1196 |   881 ||  5914
Throw: Javelin           |       |     8 |       |     1 |    11 |       |       |       ||    20
 Cast: Beastly Appendage |    17 |     7 |     5 |     1 |       |       |       |       ||    30
       Sticks to Snakes  |     5 |     4 |    25 |    59 |    12 |       |       |       ||   105
       Spider Form       |       |    10 |    28 |    15 |     1 |       |       |       ||    54
       Ice Form          |       |       |    14 |    55 |    21 |       |       |       ||    90
       Freeze            |       |       |     4 |    10 |       |       |       |       ||    14
       Blade Hands       |       |       |       |    12 |    39 |       |       |       ||    51
       Irradiate         |       |       |       |    11 |    19 |     2 |     1 |       ||    33
       Stoneskin         |       |       |       |     4 |   109 |    88 |   101 |    82 ||   384
       Sticky Flame      |       |       |       |     1 |       |       |       |       ||     1
       Statue Form       |       |       |       |       |    69 |   106 |   103 |    95 ||   373
       Iron Shot         |       |       |       |       |    82 |    88 |    62 |   101 ||   333
       Phase Shift       |       |       |       |       |     6 |    85 |   104 |    84 ||   279
       Blink             |       |       |       |       |     4 |     9 |     5 |     3 ||    21
       Stone Arrow       |       |       |       |       |       |   170 |    53 |     6 ||   229
       Lee's Rapid Decon |       |       |       |       |       |       |    40 |    23 ||    63
       Lehudib's Crystal |       |       |       |       |       |       |    23 |    54 ||    77
       Bolt of Magma     |       |       |       |       |       |       |     7 |    15 ||    22
       Shatter           |       |       |       |       |       |       |       |    14 ||    14
 Abil: End Transformatio |       |       |     6 |    17 |    22 |       |     3 |     1 ||    49
Evoke: Wand              |       |       |     5 |    17 |    22 |     2 |       |       ||    46
       Rod               |       |       |       |    25 |    20 |       |       |       ||    45
  Use: Scroll            |     5 |     7 |     7 |    10 |    19 |    18 |    16 |    17 ||    99
       Potion            |       |     3 |     2 |     4 |     9 |     4 |     1 |    12 ||    35
 Stab: Sleeping          |     3 |     8 |     5 |    20 |    20 |    27 |    11 |     2 ||    96
       Distracted        |     1 |       |     3 |     6 |     5 |     3 |     3 |     4 ||    25
  Eat: Chunk             |     4 |    14 |    15 |    38 |   112 |    43 |    51 |    58 ||   335
       Beef jerky        |       |       |     2 |     1 |     1 |     5 |       |     4 ||    13
       Pizza             |       |       |     2 |       |     2 |       |       |     1 ||     5
       Fruit             |       |       |     2 |       |     3 |     7 |     8 |       ||    20
       Meat ration       |       |       |     1 |     7 |     4 |     5 |     1 |     4 ||    22
       Bread ration      |       |       |       |       |       |     5 |     2 |     1 ||     8
       Royal jelly       |       |       |       |       |       |     2 |       |     1 ||     3
